Cogmind - Beta 10.2 @@@ ROGUE MODE // 2020.11.07 @ 11:48:26 Player: REM Result: Destroyed by S-10 Pest with Light Assault Rifle Performance ------------- Evolutions (0) 0 Regions Visited (1) 200 Robots Destroyed (5) 25 Value Destroyed (199) 199 Prototype IDs (0) 0 Alien Tech Used (0) 0 Bonus (0) 0 TOTAL SCORE: 424 Bonus ------- None Cogmind --------- Core Integrity 0/250 Matter 275/300 Energy 101/125 System Corruption 0% Temperature Cool (262) Movement Hovering (420) Ox6 Location -10/Materials Parts ------- > --- POWER (1) -------- Light Ion Engine > --- PROPULSION (2) --- Hover Unit > --- UTILITY (2) ------ High-capacity Storage Unit Visual Processing Unit > --- WEAPON (2) ------- Beam Cannon Beam Cannon > --- INVENTORY (12) --- Compact Wheel EM Pulse Gun Medium Laser Medium Laser Grenade Launcher Peak State ------------ > --- POWER ------------ Light Ion Engine > --- PROPULSION ------- Light Treads Compact Wheel > --- UTILITY ---------- High-capacity Storage Unit Visual Processing Unit > --- WEAPON ----------- Medium Laser Medium Laser > --- INVENTORY -------- Small Storage Unit EM Pulse Gun Grenade Launcher [Rating: 8] Favorites ----------- Power Light Ion Engine Engine Light Ion Engine Propulsion Hover Unit Treads Light Treads Wheel Compact Wheel Hover Unit Hover Unit Utility High-capacity Storage Unit Storage High-capacity Storage Unit Processor Visual Processing Unit Weapon Medium Laser Energy Gun Medium Laser Energy Cannon Beam Cannon Ballistic Gun Assault Rifle Launcher Grenade Launcher Build | -11 -10 ------- Run | Scr Mat Slots Evolved . | . . Power . | . . Propulsion . | . . Utility . | . . Weapon . | . . Parts Attached 22 | 6 16 Power 2 | 1 1 Engine 2 | 1 1 Core . | . . Reactor . | . . Propulsion 5 | 2 3 Treads 1 | . 1 Leg . | . . Wheel 2 | 2 . Hover 2 | . 2 Flight . | . . Utility 3 | 1 2 Device . | . . Storage 2 | 1 1 Processor 1 | . 1 Hackware . | . . Protection . | . . Artifact . | . . Weapon 12 | 2 10 Energy Gun 6 | 1 5 Energy Cannon 2 | . 2 Ballistic Gun 3 | 1 2 Ballistic Cannon . | . . Launcher 1 | . 1 Special Weapon . | . . Impact Weapon . | . . Slashing Weapon . | . . Piercing Weapon . | . . Special Melee Weapon . | . . Unidentified Prototypes . | . . Parts Lost 5 | . 5 Power 1 | . 1 Propulsion 2 | . 2 Utility . | . . Weapon 2 | . 2 Highest Loss Streak 4 | . 4 Average Slot Usage (%) 87 | . 87 Engine 11 | . 11 Treads 2 | . 2 Wheel 8 | . 8 Hover 10 | . 10 Storage 18 | . 18 Processor 8 | . 8 Energy Gun 23 | . 23 Energy Cannon 1 | . 1 Ballistic Gun 2 | . 2 Naked Turns . | . . Heaviest Build 45 | 13 45 Greatest Support 26 | 26 26 Greatest Overweight (x) 6 | . 6 Average Overweight (x) 2 | . 2 Largest Inventory Capacity 14 | 6 14 Average Capacity 11 | 4 12 Most Carried 5 | 4 5 Average Carried 2 | . 2 Final Capacity 12 | 6 12 Final Carried 5 | . 5 Class Distribution -------------------- 100% | Mutant Dominant Class ---------------- Mutant | -10/Materials Resources | -11 -10 ----------- Run | Scr Mat Matter Collected 394 | 249 145 Remotely . | . . Salvage Created 176 | . 176 Parts 11 | . 11 Haulers Intercepted . | . . Recyclers Shooed 1 | . 1 Parts Field Recycled . | . . Retrieved Matter . | . . Parts Self-Destructed . | . . Prevented . | . . Kills | -11 -10 ------- Run | Scr Mat Combat Hostiles Destroyed 2 | . 2 Guns 1 | . 1 AOE 1 | . 1 Classes Destroyed 2 | . 2 Watcher 3 | . 3 Grunt 2 | . 2 Best Kill Streak 2 | . 2 Combat Bots Only 2 | . 2 Max Kills in Single Turn 1 | . 1 Gunslinging . | . . Exploded 1 | . 1 Melee . | . . Uniques/NPCs Destroyed . | . . Combat | -11 -10 -------- Run | Scr Mat Damage Taken 877 | . 877 Core 254 | . 254 Absorbed by Shields . | . . Core Remaining (%) 100 | 100 . Volleys Fired 23 | . 23 Largest 2 | . 2 Hottest 120 | . 120 Shots Fired 45 | . 45 Gun 35 | . 35 Cannon 10 | . 10 Launcher . | . . Special . | . . Kinetic 8 | . 8 Thermal 29 | . 29 Explosive . | . . Electromagnetic 8 | . 8 Robot Hit Streak 12 | . 12 Robot Miss Streak 4 | . 4 Penetration Max . | . . Secondary Targets . | . . Shots Hit Robots 29 | . 29 Core Hits 8 | . 8 Critical Hits 2 | . 2 Critical Kills . | . . Critical Parts Destroyed 2 | . 2 Melee Attacks . | . . Impact . | . . Slashing . | . . Piercing . | . . Sneak Attacks . | . . Combat Hostiles . | . . Follow-up Attacks . | . . Damage Inflicted 424 | . 424 Guns 308 | . 308 Cannons 71 | . 71 Explosions 45 | . 45 Melee . | . . Ramming . | . . Kinetic 93 | . 93 Thermal 228 | . 228 Explosive . | . . Electromagnetic 103 | . 103 Impact . | . . Slashing . | . . Piercing . | . . Highest Corruption . | . . Average Corruption . | . . Corruption Purged . | . . Overload Shots . | . . Overflow Damage 15 | . 15 Projectiles 15 | . 15 Explosions . | . . Melee . | . . Knockbacks . | . . Impact . | . . Kinetic . | . . Secondary . | . . Self-Inflicted Damage 69 | . 69 Shots 1 | . 1 Rammed . | . . Targets Rammed . | . . Kicked . | . . Crushed . | . . Highest Temperature 262 | . 262 Average Temperature 79 | . 79 Received Heat Transfer 363 | . 363 Effects 1 | . 1 Interference 1 | . 1 Siege Activations . | . . Robots Corrupted . | . . Combat Hostiles . | . . Parts Fried . | . . Impact Corruptions . | . . Robots Melted . | . . Combat Hostiles . | . . Parts Melted . | . . Heat Transferred 481 | . 481 Parts Sabotaged . | . . Parts Stolen . | . . Parts Stripped . | . . Power Chain Reactions 1 | . 1 Missiles Intercepted . | . . Alert | -11 -10 ------- Run | Scr Mat Peak Influence 125 | . 125 Initial . | . . Average 26 | . 27 Maximum Alert Level . | . . Low Security (%) 100 | 100 100 Level 1 . | . . Level 2 . | . . Level 3 . | . . Level 4 . | . . Level 5 . | . . High Security . | . . Max Security . | . . Squads Dispatched . | . . Investigation . | . . Extermination . | . . Reinforcement . | . . Assault . | . . Garrison . | . . Intercept . | . . Construction Impeded . | . . Haulers Reinforced . | . . Stealth | -11 -10 --------- Run | Scr Mat Distress Signals 1 | . 1 Communications Jammed . | . . Distress Signals . | . . Times Spotted 13 | . 13 Peak Tracking Total 4 | . 4 Tactical Retreats 1 | . 1 Traps | -11 -10 ------- Run | Scr Mat Traps Triggered . | . . Indirectly . | . . Trap Hack Attempts . | . . Triggered . | . . Disarmed . | . . Reprogrammed . | . . Reused . | . . Traps Extracted . | . . Installed . | . . Triggered . | . . Machines | -11 -10 ---------- Run | Scr Mat Machines Disabled 7 | . 7 Max in Single Turn 5 | . 5 Machines Sabotaged . | . . Garrisons Compromised . | . . Overloaded Fab Kills . | . . Fab Network Shutdowns . | . . Hacking | -11 -10 --------- Run | Scr Mat Machines Accessed . | . . Terminals . | . . Fabricators . | . . Repair Stations . | . . Recycling Units . | . . Scanalyzers . | . . Garrison Access . | . . Total Hacks . | . . Successful . | . . Failed . | . . Catastrophic . | . . Database Lockouts . | . . Manual . | . . Terminals . | . . Fabricators . | . . Repair Stations . | . . Recycling Units . | . . Scanalyzers . | . . Garrison Access . | . . Terminal Hacks . | . . Fabricator Hacks . | . . Repair Station Hacks . | . . Recycling Unit Hacks . | . . Scanalyzer . | . . Garrison Access Hacks . | . . Unauthorized Hacks . | . . Terminals . | . . Fabricators . | . . Repair Stations . | . . Recycling Units . | . . Scanalyzers . | . . Garrison Access . | . . Data Cores Recovered . | . . Used . | . . Hacking Detections . | . . Full Trace Events . | . . Feedback Events . | . . Feedback Blocked . | . . Robot Schematics Acquired . | . . Robots Built . | . . Matter . | . . Time . | . . Total Robot Build Rating . | . . Part Schematics Acquired . | . . Parts Built . | . . Matter . | . . Time . | . . Total Part Build Rating . | . . Parts Repaired . | . . Time . | . . Parts Recycled . | . . Recycled Matter . | . . Retrieved Matter . | . . Retrieved Components . | . . Parts Scanalyzed . | . . Part Schematics Acquired . | . . Parts Damaged . | . . Bothacking | -11 -10 ------------ Run | Scr Mat Used RIF Installer . | . . Robots Hacked . | . . Non-combat . | . . Combat . | . . Robot Hacks Applied . | . . Relay Couplers Released . | . . Robots Rewired . | . . Allies Hacked . | . . Hacks Repelled . | . . Allies | -11 -10 -------- Run | Scr Mat Total Allies . | . . Largest Group . | . . Highest-Rated Group . | . . Highest-Rated Ally . | . . Total Orders . | . . Ally Attacks . | . . Total Damage . | . . Kills . | . . Allies Corrupted . | . . Allies Melted . | . . Intel | -11 -10 ------- Run | Scr Mat Robot Analysis Total . | . . Derelict Logs Recovered . | . . Drone Launches . | . . Drone Recoveries . | . . Exploration | -11 -10 ------------- Run | Scr Mat Turns Passed 1280 | 45 1235 Spaces Moved 546 | 42 504 Core 11 | 11 . Treads 92 | . 92 Legs . | . . Wheels 238 | 31 207 Hover 205 | . 205 Flight . | . . Fastest Speed 50 | 50 90 Average Speed 202 | 79 212 Slowest Speed 420 | 90 420 Overloaded Moves . | . . Propulsion Burnouts . | . . Robots Hopped . | . . Cave-ins Triggered . | . . Exploration Rate (%) 36 | 3 70 Regions Visited 1 Branch Regions . Pre-discovered Areas . | . . Known Exits Taken . | . . Unknown Exits Taken 1 | 1 . Scrap Searched . | . . Spaces Dug . | . . Terrain Destroyed 65 | . 65 Melee . | . . Projectile . | . . AOE 65 | . 65 Terrain Rammed . | . . Walls Destroyed . | . . Machines Disabled . | . . Actions | -11 -10 --------- Run | Scr Mat Total 677 | 55 622 Wait 63 | . 63 Move 545 | 41 504 Hop . | . . Pick Up 20 | 7 13 Fast Attach . | . . Attach 12 | 6 6 Detach . | . . Swap 10 | . 10 Drop 4 | 1 3 Fire 23 | . 23 Melee . | . . Ram . | . . Kick . | . . Crush . | . . Escape Stasis . | . . Rewire . | . . Trap . | . . Miscellaneous . | . . Route ------- -11/Scrapyard -10/Materials (discovered 2 exits: [*Mat] / [*Min]) History --------- Turn | Location | Event 25 | -11/Scrapyard | Discovered new exit (range 15) 46 | -11/Scrapyard | Entered Materials 262 | -10/Materials | Core integrity fell below 50% 321 | -10/Materials | Core integrity fell below 20% 324 | -10/Materials | Lost 4 parts (1p1n2w) 337 | -10/Materials | Build established: Mutant 858 | -10/Materials | Discovered new exit (range 12) 1127 | -10/Materials | Discovered new exit (range 15) 1281 | -10/Materials | Destroyed by S-10 Pest with Light Assault Rifle Last Messages --------------- EXIT=FOUND W-16 Scout destroyed. K-01 Serf collects debris. R-06 Scavenger collects Sensor Array. R-06 Scavenger collects Hover Unit. R-06 Scavenger collects Signal Interpreter. Destroyed Tractor Beam. Overheating: System interference. Med. Laser temporarily disabled. U-05 Engineer lays Concrete. R-06 Scavenger collects Lgt. Ion Engine. Acquired Hover Unit. EXIT=FOUND Acquired Beam Cannon. Terminal disabled. Atomic Centrifuge disabled. S-10 Pest suffers critical hit. Destroyed Lgt. Ion Engine. Destroyed Flight Unit. Hover Unit destroyed. Map ----- +----------------------------------------------------+ | | | | | | | | | | | | | ?????????????????????????????????????????????????? | | ?????????????????????????????????????????????????? | | ?????????????????????????###?????????????????????? | | ???????????????????????? #???????????????????? | | ???????????????????????? ????????????????????? | | ???????????????????????? ] ????????????????????? | | ???????????????????????? ????????????????????? | | ???????????????????????? ????????????????????? | | ????????????????????????# #?????+###???????????? | | ????????????????????????# #???? ????????????? | | ????????????????????????# ##### ?????????????? | | ????????????????????????+ s ??????????????? | | ????????????????????????# ?????????????? | | ????????????????????????# ss ##???????????? | | ???????????????????????## s"" T#???????????? | | ???????????############# """ #????????????? | | ???????????? "" #????????????? | | ???????????????? #????????????? | | ???????????????????? #????????????? | | ???????????????????????# @ #??????#?????? | | ???????????????????????###+########??????? #?????? | | ???????????????????????# #????????? #?????? | | ???????????????????????# #????????? #?????? | | ???????????????????##### ########? #?????? | | ???????????????????# / ## ## ##+#### | | ???????????????????# # |]] ## | | #####+#####????????# # | + T ^ #? | | ????????# # ] ## #? | | #???????# # ## ####### #? | | #???????# # ### ##?????# #? | | #???????# # ! #?# #??????? ?? | | #???????# # #?# #??????? ?? | | #???????# #########?# #??????? ?? | | #???????# #????????## ####???? ?? | | #############??????# #????????# """#????" ?? | | #??????# #????????# "#????"T ?? | | # #??????# #????????# !"#???? ?? | | # ##?????# #????????# < ""#???? ?? | | # "#?????# #????????# |"#????# #?? | | ## " "#?????# #????????# "#????# #?? | | ?# "##????# #????????# """#????# #?? | | ?# " #????# ########### ####????# #?? | | ?# "##????# # ![= # #########/##? | | ?##" " #????# # [[ +^ ## #? | +----------------------------------------------------+ Best States ------------- Heat Dissipation 25 Energy Generation 10 Energy Capacity 250 Matter Stores 300 Matter Capacity 300 Sight Range 18 Terrain Scan Density 10 Evasion (%) 42 Recoil Reduction 1 Item Schematics ----------------- None Robot Schematics ------------------ None Fabricated ------------ Nothing Alien Tech Used ----------------- None Achievements -------------- None Challenges ------------ None Game ------ Seed ChainReclamationGenerator Manual? 0 Play Time 00:08:55 Cumulative 5.7 hours Start 2020.11.07 @ 11:39:31 End 2020.11.07 @ 11:48:26 Sessions 1 Manual Loads 0 Difficulty Rogue Special Mode None Game No. 9 Rogue 9 Adventurer 0 Explorer 0 Win Type - Total 0 Types 0/0/0/0/0/0/0/0/0 Lore% 6 Gallery% 13 Achievement% 10 Wizard Run 0 Options --------- ASCII 0 Keyboard 0 Movement Numpad Keybinds 0 Fullscreen 2 Font 18/SmallcapsGlow Map View 76x50 Tactical HUD 0 Map Filters NONE Filters NONE Steam 1 RUN: 9f02c4eb-b632-4119-b6b0-3a8e993256ec